 Dungeon Crawl Stone Soup version 0.19.1 (webtiles) character file.

51 balthal the Vexing (level 3, -1/52 HPs)
             Began as an Ogre Arcane Marksman on Dec 11, 2016.
             Succumbed to a scorpion's poison
             ... on level 3 of the Dungeon.
             The game lasted 00:03:25 (947 turns).

balthal the Vexing (Ogre Arcane Marksman)            Turns: 947, Time: 00:03:26

Health: -1/52      AC:  3    Str: 21    XL:     3   Next: 81%
Magic:  2/5        EV: 10    Int: 12    God:
Gold:   50         SH:  0    Dex: 10    Spells: 2 memorised, 1 level left

rFire  . . .     SeeInvis .     a - +0 hand crossbow
rCold  . . .     Gourm    .     e - +0 robe
rNeg   . . .     Faith    .     (no shield)
rPois  .         Spirit   .     (helmet restricted)
rElec  .         Reflect  .     (no cloak)
rCorr  .         Harm     .     (gloves unavailable)
MR     .....                    (boots unavailable)
Stlth  ..........               (no amulet)
                                (no ring)
                                (no ring)

@: berserking, lethally poisoned (-1 -> -15), very quick
A: unfitting armour, tough skin 1
a: no special abilities


You were on level 3 of the Dungeon.
You were hungry.

You visited 1 branch of the dungeon, and saw 3 of its levels.

You collected 50 gold pieces.

Inventory:

Hand Weapons
 a - a +0 hand crossbow (weapon)
 b - a +0 hand axe
Missiles
 d - 51 bolts (quivered)
 g - 14 poisoned needles
Armour
 e - a +0 robe (worn)
Scrolls
 h - a scroll of identify {unknown}
 j - a scroll of amnesia {unknown}
 k - a scroll of magic mapping {unknown}
Books
 c - a book of Debilitation

   Spells                             Type                      Level
   a - Corona                         Hexes                        1
   b - Slow                           Hexes                        2
   c - Gell's Gravitas                Hexes/Translocation          3
   d - Inner Flame                    Hexes/Fire                   3
   e - Cause Fear                     Hexes                        4
   f - Leda's Liquefaction            Hexes/Earth                  4
Comestibles
 f - a bread ration


   Skills:
 + Level 1.7 Fighting
 + Level 2.2 Crossbows
 + Level 2.1 Dodging
 + Level 1.4 Spellcasting
 + Level 2.5 Hexes


You had one spell level left.
You knew the following spells:

 Your Spells              Type           Power        Failure   Level  Hunger
a - Corona                Hex            #......      12%         1    ##.....
b - Slow                  Hex            #.......     17%         2    ###....


Dungeon Overview and Level Annotations

Branches:
Dungeon (2/15)

Altars:


Innate Abilities, Weirdness & Mutations

You are too large for most types of armour.
You have tough skin. (AC +1)


Message History

The bolt hits the scorpion but does no damage.
* * * LOW HITPOINT WARNING * * *
You feel sick. The scorpion stings you.
* * * LOW HITPOINT WARNING * * *
You are more poisoned.
The scorpion poisons you!
It was a potion of berserk rage.
A red film seems to cover your vision as you go berserk!
You feel yourself moving faster!
You feel mighty!
* * * LOW HITPOINT WARNING * * *
You feel sick. The scorpion closely misses you.
Really attack while wielding your +0 hand crossbow?
You clumsily bash the scorpion.
The scorpion is moderately wounded.
* * * LOW HITPOINT WARNING * * *
You feel sick. The scorpion stings you.
* * * LOW HITPOINT WARNING * * *
You hit the scorpion!
The scorpion is severely wounded.
You die...

######+#####
#..........# ...#
#..........# ....#
####..........# ....##
#.....s@......##.....#
#...##...............#
#.. #................
#. #................ #
#................
#....###.........
###### #.#.######
#.#...# #.#.#.#


You could see a scorpion.

Vanquished Creatures
  An adder (D:3)
  An ooze (D:1)
  2 dart slugs (D:1)
  A leopard gecko (D:1)
  2 giant cockroaches (D:1)
  6 goblins (D:1)
  3 hobgoblins (D:1)
  2 jackals (D:1)
  6 kobolds (D:1)
  A frilled lizard (D:1)
  4 rats (D:1)
29 creatures vanquished.

Notes
Turn   | Place    | Note
-------+----------+-------------------------------------------
     0 | D:1      | balthal the Ogre Arcane Marksman began the quest for the Orb.
     0 | D:1      | Reached XP level 1. HP: 19/19 MP: 2/2
   143 | D:1      | Reached XP level 2. HP: 11/27 MP: 3/3
   326 | D:1      | Reached XP level 3. HP: 16/33 MP: 4/4
   867 | D:1      | Learned a level 2 spell: Slow
   910 | D:2      | You fall through a shaft!
   937 | D:3      | Noticed a scorpion
   946 | D:3      | HP: 1/52 [scorpion (6)]
   947 | D:3      | Succumbed to a scorpion's poison

Skill      XL: |  1  2 |
---------------+-------+-----
Dodging        | 2 |  2.1
Crossbows      | 2 |  2.2
Fighting       | |  1.7
Spellcasting   | |  1.4
Hexes          | |  2.5

Action                   || total
-------------------------++-------
Melee: Hand crossbow     ||     2
 Fire: Hand crossbow     ||    81
 Cast: Corona            ||    14
  Use: Potion            ||     1
Armor: Robe              ||    22
Dodge: Dodged            ||    36
